Senators vs Staline
Created - 2 janvier 2015 at 19:13
Goals
|
| Senators |
5 |
3 |
1 |
9 |
| Staline |
0 |
3 |
3 |
6 |
|
Shots
|
| Senators |
19 |
11 |
11 |
41 |
| Staline |
8 |
10 |
12 |
30 |
|
1st period
1. Senators , Sergei Kostitsyn 27 (Steven Goertzen, Milan Jurcina) at 1:09 (PP)
2. Senators , Stanislav Chistov 28 (Niklas Hagman, Josh Hennessy) at 8:35
3. Senators , Sergei Kostitsyn 28 (Cody Hodgson) at 9:10
4. Senators , Zack Kassian 4 (Jack Skille) at 11:28
5. Senators , Stanislav Chistov 29 (Niklas Hagman) at 16:21
Penalties :
Andrei Loktionov (StJ) for Goalie Interference (Minor) at 0:38, Stanislav Chistov (BIN) for High sticking (Minor) at 11:35, Steven Goertzen (BIN) for Holding (Minor) at 16:29
2nd period
6. Staline , Yan Stastny 10 (Devin Setoguchi) at 0:12
7. Staline , Pierre-Luc Létourneau 5 (Yan Stastny, Theo Peckham) at 4:16
8. Senators , Brett Sterling 18 (Mark Olver, Jack Skille) at 10:05
9. Staline , Devin Setoguchi 27 (Yan Stastny) at 11:18
10. Senators , Cody Hodgson 8 (Steven Goertzen, Sergei Kostitsyn) at 12:49 (PP)
11. Senators , Brett Sterling 19 (Mark Olver) at 13:24
Penalties :
Yan Stastny (StJ) for Hooking (Minor) at 4:25, Jared Boll (StJ) for Hooking (Minor) at 12:14, Andrei Loktionov (StJ) for Fighting (Major) at 12:50, Vladimir Mihalik (BIN) for Fighting (Major) at 12:50, Aaron Ness (StJ) for Slashing (Minor) at 17:59
3rd period
12. Staline , Tyler Cuma 4 (J.T. Wyman, Pierre-Luc Létourneau) at 1:30
13. Staline , Mason Raymond 20 (Andrei Loktionov, Cam Janssen) at 7:30
14. Staline , Devin Setoguchi 28 (Yan Stastny) at 13:40
15. Senators , Gabriel Bourque 5 (Erik Haula) at 14:46
Penalties :
Logan Stephenson (BIN) for Hooking (Minor) at 1:53, Vladimir Mihalik (BIN) for Interference (Minor) at 2:10, Stu Bickel (StJ) for Hooking (Minor) at 9:11, T.J. Fast (StJ) for Holding Stick (Minor) at 14:57
Goalie Stats
Jacob Markstrom (BIN), 24 saves from 30 shots - (0,800), W, 10-16-3, 60:00 minutes
Martin Houle (StJ), 10 saves from 14 shots - (0,714), L, 0-1-1, 21:56 minutes
Tobias Stephan (StJ), 22 saves from 27 shots - (0,815), 38:04 minutes
Players Stats for Senators
Player Name G A P +/- PIM S H SB GA TA FO MP PP MP PK MP
------------------------------------------------------------------------------------
Brett Sterling 2 0 2 2 0 6 0 2 0 0 0/0 13:00 0:24 0:47
Cody Hodgson 1 1 2 -1 0 4 3 0 0 0 4/8 14:24 3:47 0:00
Erik Haula 0 1 1 0 0 0 0 0 0 0 2/3 9:01 0:00 0:29
Erik Karlsson 0 0 0 -1 0 0 0 0 1 0 0/0 20:16 3:48 2:25
Gabriel Bourque 1 0 1 0 0 6 0 0 0 0 0/0 8:10 0:00 0:00
Jack Skille 0 2 2 2 0 2 0 0 0 1 0/1 11:51 0:24 0:00
Josh Hennessy 0 1 1 0 0 0 3 1 0 1 22/42 22:37 4:51 3:38
Logan Stephenson 0 0 0 -1 2 2 3 0 0 0 0/0 21:28 3:32 2:01
Mark Olver 0 2 2 2 0 4 1 0 0 0 1/3 12:29 0:00 1:34
Milan Jurcina 0 1 1 1 0 0 2 3 0 0 0/0 28:45 5:14 3:49
Niklas Hagman 0 2 2 0 0 2 2 1 1 0 0/3 21:59 4:51 3:00
Sergei Kostitsyn 2 1 3 -1 0 3 2 2 1 0 0/0 14:36 3:51 0:00
Shane Sims 0 0 0 1 0 1 0 1 0 0 0/0 13:12 0:16 0:38
Stanislav Chistov 2 0 2 0 2 4 5 0 0 0 0/0 19:51 4:51 0:36
Steven Goertzen 0 2 2 -1 2 1 3 1 1 0 0/0 14:57 3:47 0:34
Tyson Barrie 0 0 0 1 0 1 0 0 0 0 0/0 11:43 0:00 1:15
Vladimir Mihalik 0 0 0 1 7 4 2 4 1 1 0/0 24:46 5:14 2:27
Zack Kassian 1 0 1 0 0 1 1 0 0 1 0/0 8:54 0:20 0:00
Players Stats for Staline
Player Name G A P +/- PIM S H SB GA TA FO MP PP MP PK MP
------------------------------------------------------------------------------------
Aaron Ness 0 0 0 0 2 0 0 0 0 0 0/0 5:05 0:00 0:44
Andrei Loktionov 0 1 1 0 7 3 0 0 0 0 3/8 12:08 2:34 0:00
Cam Janssen 0 1 1 0 0 3 0 0 0 0 0/0 16:18 2:34 2:22
Danny Kristo 0 0 0 0 0 0 0 0 0 0 0/0 0:00 0:00 0:00
David Kolomatis 0 0 0 -2 0 0 0 0 0 1 0/0 11:40 0:00 1:59
Devin Setoguchi 2 1 3 2 0 3 3 1 0 0 5/6 22:05 3:40 4:39
J.T. Wyman 0 1 1 -1 0 2 0 0 0 1 0/0 9:48 0:00 0:00
James Sheppard 0 0 0 -1 0 2 0 0 0 0 0/0 9:16 0:00 0:00
Jamie McGinn 0 0 0 0 0 0 0 0 0 0 0/0 0:00 0:00 0:00
Jared Boll 0 0 0 -2 2 0 1 0 0 0 1/1 11:30 0:00 0:00
Mason Raymond 1 0 1 0 0 4 2 0 0 0 0/0 15:19 2:34 1:31
Nick Spaling 0 0 0 -2 0 2 1 0 2 0 0/1 12:52 0:00 2:08
Peter Holland 0 0 0 -1 0 0 2 0 0 0 2/6 9:49 0:00 0:32
Pierre-Luc Létourneau 1 1 2 2 0 1 0 0 0 0 0/0 22:31 3:40 5:05
Stu Bickel 0 0 0 1 2 1 1 1 0 1 0/0 24:37 3:42 4:19
T.J. Fast 0 0 0 1 2 3 0 0 0 1 0/0 28:11 3:42 3:50
Theo Peckham 0 1 1 0 0 2 1 1 1 1 0/0 20:33 2:32 3:36
Torey Krug 0 0 0 -2 0 0 0 2 0 0 0/0 9:30 0:00 0:00
Tyler Cuma 1 0 1 0 0 1 2 1 1 0 0/0 20:33 2:32 3:36
Yan Stastny 1 3 4 2 2 3 2 0 0 0 15/31 18:47 3:40 1:47
Zac Rinaldo 0 0 0 -2 0 0 0 1 0 0 5/7 10:19 0:00 0:00
3 Stars
1 - Devin Setoguchi (StJ)
2 - Yan Stastny (StJ)
3 - Brett Sterling (BIN)
Power Play
Senators - 2 on 6 Attempt(s) - 33,33%
Staline - 0 on 4 Attempt(s) - 0,00%
Penalty Kill
Senators - 4 on 4 Attempt(s) - 100,00%
- Score 0 goal in Penalty Kill
Staline - 4 on 6 Attempt(s) - 66,67%
- Score 0 goal in Penalty Kill
Official
Referees : Banfield David and Lee Chris
Linesman : Steve Barton and Brian Murphy
Game Notes
Martin Houle enters game at 11:28 of 1st period
Andrei Loktionov beats up Vladimir Mihalik at 12:50 of 2nd period
Tobias Stephan enters game at 13:24 of 2nd period
Finance
Level 1 -- Attendance: 1475 (73,75%) -- Ticket Income 51 625 $
Level 2 -- Attendance: 790 (79,00%) -- Ticket Income 11 850 $
Total Attendance: 2265 (75,50%)
Total Ticket Income: 63 475 $
Other Income: 3 174 $
Total Income: 66 649 $
Senators
5 vs 5 Forward
Center Left Wing Right Wing Time % Phy DF OF
1 Josh Hennessy Niklas Hagman Stanislav Chistov 39 1 2 2
2 Cody Hodgson Sergei Kostitsyn Steven Goertzen 29 1 2 2
3 Mark Olver Brett Sterling Jack Skille 19 1 2 2
4 Erik Haula Gabriel Bourque Zack Kassian 13 1 2 2
5 vs 5 Defense
Defense Defense Time % Phy DF OF
1 Vladimir Mihalik Milan Jurcina 40 1 2 2
2 Logan Stephenson Erik Karlsson 30 1 2 2
3 Shane Sims Tyson Barrie 20 1 2 2
4 Vladimir Mihalik Milan Jurcina 10 1 2 2
PowerPlay Forward
Center Left Wing Right Wing Time % Phy DF OF
1 Josh Hennessy Niklas Hagman Stanislav Chistov 60 1 2 2
2 Cody Hodgson Sergei Kostitsyn Steven Goertzen 40 1 2 2
PowerPlay Defense
Defense Defense Time % Phy DF OF
1 Vladimir Mihalik Milan Jurcina 60 1 2 2
2 Logan Stephenson Erik Karlsson 40 1 2 2
Penalty Kill 4 Players Forward
Center Wing Time % Phy DF OF
1 Josh Hennessy Niklas Hagman 60 1 2 2
2 Stanislav Chistov Steven Goertzen 40 1 2 2
Penalty Kill 4 Players Defense
Defense Defense Time % Phy DF OF
1 Vladimir Mihalik Milan Jurcina 60 1 2 2
2 Logan Stephenson Erik Karlsson 40 1 2 2
Penalty Kill - 3 Players Forward
Forward Time % Phy DF OF
1 Josh Hennessy 60 1 2 2
2 Niklas Hagman 40 1 2 2
Penalty Kill - 3 Players Defense
Defense Defense Time % Phy DF OF
1 Vladimir Mihalik Milan Jurcina 60 1 2 2
2 Logan Stephenson Erik Karlsson 40 1 2 2
4 vs 4 Forward
Center Wing Time % Phy DF OF
1 Josh Hennessy Niklas Hagman 60 1 2 2
2 Stanislav Chistov Steven Goertzen 40 1 2 2
4 vs 4 Defense
Defense Defense Time % Phy DF OF
1 Vladimir Mihalik Milan Jurcina 60 1 2 2
2 Logan Stephenson Erik Karlsson 40 1 2 2
Last Minutes Offensive
Center Left Wing Right Wing Defense Defense
Josh Hennessy Niklas Hagman Stanislav Chistov Vladimir Mihalik Milan Jurcina
Last Minutes Defensive
Center Left Wing Right Wing Defense Defense
Josh Hennessy Niklas Hagman Stanislav Chistov Vladimir Mihalik Milan Jurcina
Goaltenders
Starting : Jacob Markstrom
Backup : Alexander Salak
Extra Forwards
Normal : Brett Sterling, Jack Skille, Mark Olver - PP : Brett Sterling, Jack Skille - PK : Mark Olver
Extra Defensemen
Normal : Shane Sims, Tyson Barrie, Logan Stephenson - PP : Shane Sims - PK : Tyson Barrie, Logan Stephenson
Penalty Shots
Josh Hennessy, Niklas Hagman, Stanislav Chistov, Steven Goertzen, Sergei Kostitsyn
Staline
5 vs 5 Forward
Center Left Wing Right Wing Time % Phy DF OF
1 Yan Stastny Pierre-Luc Létourneau Devin Setoguchi 40 1 2 2
2 Andrei Loktionov Mason Raymond Cam Janssen 30 1 2 2
3 Zac Rinaldo Nick Spaling Jared Boll 20 1 2 2
4 Peter Holland James Sheppard J.T. Wyman 10 1 2 2
5 vs 5 Defense
Defense Defense Time % Phy DF OF
1 T.J. Fast Stu Bickel 40 1 2 2
2 Theo Peckham Tyler Cuma 30 1 2 2
3 Torey Krug David Kolomatis 20 1 2 2
4 Aaron Ness T.J. Fast 10 1 2 2
PowerPlay Forward
Center Left Wing Right Wing Time % Phy DF OF
1 Yan Stastny Pierre-Luc Létourneau Devin Setoguchi 60 1 2 2
2 Andrei Loktionov Mason Raymond Cam Janssen 40 1 2 2
PowerPlay Defense
Defense Defense Time % Phy DF OF
1 T.J. Fast Stu Bickel 60 1 2 2
2 Theo Peckham Tyler Cuma 40 1 2 2
Penalty Kill 4 Players Forward
Center Wing Time % Phy DF OF
1 Devin Setoguchi Pierre-Luc Létourneau 60 1 2 2
2 Yan Stastny Cam Janssen 40 1 2 2
Penalty Kill 4 Players Defense
Defense Defense Time % Phy DF OF
1 T.J. Fast Stu Bickel 60 1 2 2
2 Theo Peckham Tyler Cuma 40 1 2 2
Penalty Kill - 3 Players Forward
Forward Time % Phy DF OF
1 Devin Setoguchi 60 1 2 2
2 Pierre-Luc Létourneau 40 1 2 2
Penalty Kill - 3 Players Defense
Defense Defense Time % Phy DF OF
1 T.J. Fast Stu Bickel 60 1 2 2
2 Theo Peckham Tyler Cuma 40 1 2 2
4 vs 4 Forward
Center Wing Time % Phy DF OF
1 Devin Setoguchi Pierre-Luc Létourneau 60 1 2 2
2 Yan Stastny Cam Janssen 40 1 2 2
4 vs 4 Defense
Defense Defense Time % Phy DF OF
1 T.J. Fast Stu Bickel 60 1 2 2
2 Theo Peckham Tyler Cuma 40 1 2 2
Last Minutes Offensive
Center Left Wing Right Wing Defense Defense
Yan Stastny Pierre-Luc Létourneau Devin Setoguchi T.J. Fast Stu Bickel
Last Minutes Defensive
Center Left Wing Right Wing Defense Defense
Yan Stastny Pierre-Luc Létourneau Devin Setoguchi T.J. Fast Stu Bickel
Goaltenders
Starting : Tobias Stephan
Backup : Martin Houle
Extra Forwards
Normal : Jared Boll, J.T. Wyman, Nick Spaling - PP : Jared Boll, J.T. Wyman - PK : Nick Spaling
Extra Defensemen
Normal : Torey Krug, David Kolomatis, Aaron Ness - PP : Torey Krug - PK : David Kolomatis, Aaron Ness
Penalty Shots
Devin Setoguchi, Pierre-Luc Létourneau, Yan Stastny, Cam Janssen, Andrei Loktionov
% Time on Ice - Senators
Lines # - Real PCT - Wanted PCT - Time Play
Normal Forward
1 - 33% - 39% - 14:54
2 - 24% - 29% - 10:45
3 - 24% - 19% - 10:55
4 - 18% - 13% - 8:10
Normal Defense
1 - 40% - 40% - 18:07
2 - 31% - 30% - 14:03
3 - 25% - 20% - 10:59
4 - 4% - 10% - 1:35
PP Forward
1 - 57% - 60% - 5:11
2 - 43% - 40% - 3:51
PP Defense
1 - 58% - 60% - 5:14
2 - 42% - 40% - 3:48
PK Forward
1 - 74% - 60% - 3:22
2 - 26% - 40% - 1:10
PK Defense
1 - 57% - 60% - 2:34
2 - 43% - 40% - 1:58
PK3 Forward
1 - 77% - 60% - 1:19
2 - 23% - 40% - 0:23
PK3 Defense
1 - 74% - 60% - 1:15
2 - 26% - 40% - 0:27
44 Forward
1 - 0% - 60%
2 - 0% - 40%
44 Defense
1 - 0% - 60%
2 - 0% - 40%
Last Minute Offensive - 0:00
Last Minute Defensive - 0:00
Total
Forward - 60:00
Defense - 60:00
|
% Time on Ice - Staline
Lines # - Real PCT - Wanted PCT - Time Play
Normal Forward
1 - 31% - 40% - 13:47
2 - 25% - 30% - 11:22
3 - 23% - 20% - 10:19
4 - 21% - 10% - 9:16
Normal Defense
1 - 37% - 40% - 16:39
2 - 32% - 30% - 14:25
3 - 21% - 20% - 9:30
4 - 9% - 10% - 4:10
PP Forward
1 - 59% - 60% - 3:40
2 - 41% - 40% - 2:34
PP Defense
1 - 59% - 60% - 3:42
2 - 41% - 40% - 2:32
PK Forward
1 - 74% - 60% - 6:40
2 - 26% - 40% - 2:22
PK Defense
1 - 60% - 60% - 5:26
2 - 40% - 40% - 3:36
PK3 Forward
1 - 0% - 60%
2 - 0% - 40%
PK3 Defense
1 - 0% - 60%
2 - 0% - 40%
44 Forward
1 - 0% - 60%
2 - 0% - 40%
44 Defense
1 - 0% - 60%
2 - 0% - 40%
Last Minute Offensive - 0:00
Last Minute Defensive - 0:00
Total
Forward - 60:00
Defense - 60:00
|
Play by Play
1st period
0:01 of 1st period - Yan Stastny wins face-off versus Josh Hennessy in neutral zone.
0:38 of 1st period - Minor Penalty to Andrei Loktionov for Goalie Interference.
0:39 of 1st period - Devin Setoguchi wins face-off versus Josh Hennessy in Staline zone.
1:09 of 1st period - Snap shot by Sergei Kostitsyn.
1:09 of 1st period - Goal by Sergei Kostitsyn - Senators : 1 - Staline : 0.
1:10 of 1st period - Zac Rinaldo wins face-off versus Jack Skille in neutral zone.
1:23 of 1st period - Wrist shot by Jared Boll.
1:23 of 1st period - Shot Blocked by Shane Sims.
1:25 of 1st period - Slapshot by Theo Peckham.
1:25 of 1st period - Shot Blocked by Brett Sterling.
2:02 of 1st period - Slapshot by Vladimir Mihalik.
2:02 of 1st period - Stopped by Tobias Stephan with a rebound.
2:04 of 1st period - Wrist shot by Vladimir Mihalik.
2:04 of 1st period - Stopped by Tobias Stephan without a rebound.
2:05 of 1st period - Cody Hodgson wins face-off versus Peter Holland in Staline zone.
2:08 of 1st period - Wrist shot by Steven Goertzen.
2:08 of 1st period - Stopped by Tobias Stephan without a rebound.
2:09 of 1st period - Peter Holland wins face-off versus Cody Hodgson in Staline zone.
2:18 of 1st period - J.T. Wyman is hit by Logan Stephenson and loses puck.
2:36 of 1st period - Snap shot by J.T. Wyman.
2:36 of 1st period - Shot Blocked by Steven Goertzen.
2:38 of 1st period - Snap shot by J.T. Wyman.
2:38 of 1st period - Shot Blocked by Sergei Kostitsyn.
2:40 of 1st period - Wrist shot by James Sheppard.
2:40 of 1st period - Stopped by Jacob Markstrom with a rebound.
2:42 of 1st period - Slapshot by Theo Peckham.
2:42 of 1st period - Stopped by Jacob Markstrom without a rebound.
2:43 of 1st period - Josh Hennessy wins face-off versus Yan Stastny in Senators zone.
2:56 of 1st period - Josh Hennessy is hit by Devin Setoguchi and loses puck.
3:50 of 1st period - Pierre-Luc Létourneau is hit by Stanislav Chistov and loses puck.
4:13 of 1st period - Snap shot by Sergei Kostitsyn.
4:13 of 1st period - Shot Blocked by Torey Krug.
4:15 of 1st period - Snap shot by Steven Goertzen.
4:15 of 1st period - Shot Misses the Net.
4:17 of 1st period - Slapshot by Milan Jurcina.
4:17 of 1st period - Shot Blocked by Torey Krug.
4:19 of 1st period - Slapshot by Vladimir Mihalik.
4:19 of 1st period - Stopped by Tobias Stephan without a rebound.
4:20 of 1st period - Yan Stastny wins face-off versus Mark Olver in Staline zone.
4:50 of 1st period - Snap shot by Andrei Loktionov.
4:50 of 1st period - Shot Misses the Net.
5:28 of 1st period - Snap shot by Nick Spaling.
5:28 of 1st period - Stopped by Jacob Markstrom with a rebound.
6:16 of 1st period - Snap shot by Andrei Loktionov.
6:16 of 1st period - Stopped by Jacob Markstrom with a rebound.
6:25 of 1st period - Off-side.
6:26 of 1st period - Cody Hodgson wins face-off versus Peter Holland in neutral zone.
6:51 of 1st period - Devin Setoguchi is hit by Josh Hennessy and loses puck.
7:08 of 1st period - Pierre-Luc Létourneau is hit by Stanislav Chistov and loses puck.
7:21 of 1st period - Snap shot by Gabriel Bourque.
7:21 of 1st period - Stopped by Tobias Stephan without a rebound.
7:22 of 1st period - Erik Haula wins face-off versus Andrei Loktionov in Staline zone.
7:23 of 1st period - Snap shot by Gabriel Bourque.
7:23 of 1st period - Shot Misses the Net.
7:25 of 1st period - Snap shot by Zack Kassian.
7:25 of 1st period - Deflect By Gabriel Bourque.
7:25 of 1st period - Stopped by Tobias Stephan without a rebound.
7:26 of 1st period - Erik Haula wins face-off versus Andrei Loktionov in Staline zone.
7:33 of 1st period - Slapshot by Vladimir Mihalik.
7:33 of 1st period - Shot Blocked by Stu Bickel.
7:47 of 1st period - Slapshot by Gabriel Bourque.
7:47 of 1st period - Stopped by Tobias Stephan with a rebound.
7:57 of 1st period - Snap shot by Mason Raymond.
7:57 of 1st period - Stopped by Jacob Markstrom with a rebound.
8:25 of 1st period - Snap shot by Gabriel Bourque.
8:25 of 1st period - Stopped by Tobias Stephan without a rebound.
8:26 of 1st period - Josh Hennessy wins face-off versus Yan Stastny in Staline zone.
8:29 of 1st period - Wrist shot by Niklas Hagman.
8:29 of 1st period - Shot Misses the Net.
8:31 of 1st period - Slapshot by Niklas Hagman.
8:31 of 1st period - Shot Misses the Net.
8:33 of 1st period - Snap shot by Stanislav Chistov.
8:33 of 1st period - Shot Misses the Net.
8:35 of 1st period - Snap shot by Stanislav Chistov.
8:35 of 1st period - Goal by Stanislav Chistov - Senators : 2 - Staline : 0.
8:36 of 1st period - Josh Hennessy wins face-off versus Yan Stastny in neutral zone.
9:10 of 1st period - Snap shot by Sergei Kostitsyn.
9:10 of 1st period - Goal by Sergei Kostitsyn - Senators : 3 - Staline : 0.
9:11 of 1st period - Yan Stastny wins face-off versus Josh Hennessy in neutral zone.
9:14 of 1st period - Slapshot by Devin Setoguchi.
9:14 of 1st period - Shot Misses the Net.
10:01 of 1st period - Wrist shot by Devin Setoguchi.
10:01 of 1st period - Shot Blocked by Vladimir Mihalik.
10:09 of 1st period - Slapshot by Mark Olver.
10:09 of 1st period - Shot Blocked by Devin Setoguchi.
10:11 of 1st period - Snap shot by Mark Olver.
10:11 of 1st period - Stopped by Tobias Stephan with a rebound.
10:13 of 1st period - Slapshot by Vladimir Mihalik.
10:13 of 1st period - Stopped by Tobias Stephan without a rebound.
10:14 of 1st period - Josh Hennessy wins face-off versus Zac Rinaldo in Staline zone.
10:15 of 1st period - Wrist shot by Stanislav Chistov.
10:15 of 1st period - Stopped by Tobias Stephan without a rebound.
10:16 of 1st period - Zac Rinaldo wins face-off versus Niklas Hagman in Staline zone.
10:16 of 1st period - Zac Rinaldo is hit by Josh Hennessy.
10:21 of 1st period - T.J. Fast is hit by Niklas Hagman and loses puck.
11:28 of 1st period - Snap shot by Zack Kassian.
11:28 of 1st period - Goal by Zack Kassian - Senators : 4 - Staline : 0.
11:28 of 1st period - Martin Houle enters game.
11:29 of 1st period - Andrei Loktionov wins face-off versus Josh Hennessy in neutral zone.
11:35 of 1st period - Minor Penalty to Stanislav Chistov for High sticking.
11:36 of 1st period - Josh Hennessy wins face-off versus Yan Stastny in Senators zone.
11:42 of 1st period - Snap shot by Yan Stastny.
11:42 of 1st period - Shot Blocked by Vladimir Mihalik.
11:44 of 1st period - Wrist shot by T.J. Fast.
11:44 of 1st period - Shot Blocked by Milan Jurcina.
11:51 of 1st period - Snap shot by Devin Setoguchi.
11:51 of 1st period - Shot Misses the Net.
12:11 of 1st period - Snap shot by Andrei Loktionov.
12:11 of 1st period - Stopped by Jacob Markstrom without a rebound.
12:12 of 1st period - Yan Stastny wins face-off versus Josh Hennessy in Senators zone.
13:35 of 1st period - Penalty to Stanislav Chistov is over, Stanislav Chistov is back on ice.
13:41 of 1st period - Snap shot by Stanislav Chistov.
13:41 of 1st period - Shot Misses the Net.
13:47 of 1st period - Stanislav Chistov is hit by Nick Spaling and loses puck.
14:33 of 1st period - Mark Olver is hit by Theo Peckham.
15:00 of 1st period - Wrist shot by Niklas Hagman.
15:00 of 1st period - Shot Misses the Net.
15:02 of 1st period - Snap shot by Stanislav Chistov.
15:02 of 1st period - Shot Misses the Net.
15:18 of 1st period - Yan Stastny is hit by Steven Goertzen and loses puck.
15:33 of 1st period - Mason Raymond is hit by Vladimir Mihalik and loses puck.
16:21 of 1st period - Wrist shot by Stanislav Chistov.
16:21 of 1st period - Goal by Stanislav Chistov - Senators : 5 - Staline : 0.
16:22 of 1st period - Yan Stastny wins face-off versus Cody Hodgson in neutral zone.
16:27 of 1st period - Snap shot by Devin Setoguchi.
16:27 of 1st period - Stopped by Jacob Markstrom with a rebound.
16:29 of 1st period - Minor Penalty to Steven Goertzen for Holding.
16:30 of 1st period - Josh Hennessy wins face-off versus Yan Stastny in Senators zone.
16:30 of 1st period - Josh Hennessy is hit by Yan Stastny.
18:29 of 1st period - Penalty to Steven Goertzen is over, Steven Goertzen is back on ice.
19:01 of 1st period - J.T. Wyman is hit by Steven Goertzen and loses puck.
19:24 of 1st period - Snap shot by Cody Hodgson.
19:24 of 1st period - Deflect By Mark Olver.
19:24 of 1st period - Shot Misses the Net.
19:24 of 1st period - Puck is out of play.
19:25 of 1st period - Zac Rinaldo wins face-off versus Mark Olver in Staline zone.
19:34 of 1st period - Wrist shot by Brett Sterling.
19:34 of 1st period - Stopped by Martin Houle with a rebound.
19:36 of 1st period - Slapshot by Vladimir Mihalik.
19:36 of 1st period - Shot Misses the Net.
19:38 of 1st period - Wrist shot by Mark Olver.
19:38 of 1st period - Stopped by Martin Houle with a rebound.
19:40 of 1st period - Snap shot by Brett Sterling.
19:40 of 1st period - Deflect By Tyler Cuma.
19:40 of 1st period - Stopped by Martin Houle without a rebound.
19:41 of 1st period - Josh Hennessy wins face-off versus Andrei Loktionov in Staline zone.
19:54 of 1st period - Snap shot by Andrei Loktionov.
19:54 of 1st period - Deflect By Cam Janssen.
19:54 of 1st period - Stopped by Jacob Markstrom with a rebound.
19:56 of 1st period - Snap shot by Mason Raymond.
19:56 of 1st period - Shot Blocked by Niklas Hagman.
Goals for this period are 5 for Senators vs 0 for Staline.
Shots for this period are 19 for Senators vs 8 for Staline.
2nd period
0:01 of 2nd period - Yan Stastny wins face-off versus Niklas Hagman in neutral zone.
0:08 of 2nd period - Snap shot by Yan Stastny.
0:08 of 2nd period - Stopped by Jacob Markstrom without a rebound.
0:09 of 2nd period - Yan Stastny wins face-off versus Josh Hennessy in Senators zone.
0:12 of 2nd period - Slapshot by Yan Stastny.
0:12 of 2nd period - Goal by Yan Stastny - Senators : 5 - Staline : 1.
0:13 of 2nd period - Yan Stastny wins face-off versus Niklas Hagman in neutral zone.
0:30 of 2nd period - Josh Hennessy is hit by Devin Setoguchi and loses puck.
0:41 of 2nd period - Wrist shot by Mason Raymond.
0:41 of 2nd period - Stopped by Jacob Markstrom with a rebound.
0:47 of 2nd period - Wrist shot by Mason Raymond.
0:47 of 2nd period - Shot Blocked by Vladimir Mihalik.
0:49 of 2nd period - Snap shot by Mason Raymond.
0:49 of 2nd period - Shot Blocked by Vladimir Mihalik.
0:51 of 2nd period - Wrist shot by Stu Bickel.
0:51 of 2nd period - Shot Blocked by Sergei Kostitsyn.
1:28 of 2nd period - Erik Haula is hit by Tyler Cuma and loses puck.
1:43 of 2nd period - Theo Peckham is hit by Stanislav Chistov and loses puck.
1:52 of 2nd period - Snap shot by Pierre-Luc Létourneau.
1:52 of 2nd period - Shot Blocked by Josh Hennessy.
2:08 of 2nd period - Slapshot by Cody Hodgson.
2:08 of 2nd period - Stopped by Martin Houle without a rebound.
2:09 of 2nd period - Cody Hodgson wins face-off versus Andrei Loktionov in Staline zone.
2:14 of 2nd period - Slapshot by Sergei Kostitsyn.
2:14 of 2nd period - Shot Misses the Net.
2:22 of 2nd period - Slapshot by T.J. Fast.
2:22 of 2nd period - Stopped by Jacob Markstrom without a rebound.
2:23 of 2nd period - Josh Hennessy wins face-off versus Yan Stastny in Senators zone.
3:13 of 2nd period - Jared Boll is hit by Milan Jurcina and loses puck.
3:35 of 2nd period - Snap shot by Erik Karlsson.
3:35 of 2nd period - Shot Hit the Post.
3:37 of 2nd period - Snap shot by Mark Olver.
3:37 of 2nd period - Stopped by Martin Houle with a rebound.
3:44 of 2nd period - Icing by Tyler Cuma.
3:45 of 2nd period - Josh Hennessy wins face-off versus Peter Holland in Staline zone.
4:16 of 2nd period - Slapshot by Pierre-Luc Létourneau.
4:16 of 2nd period - Goal by Pierre-Luc Létourneau - Senators : 5 - Staline : 2.
4:17 of 2nd period - Yan Stastny wins face-off versus Josh Hennessy in neutral zone.
4:25 of 2nd period - Minor Penalty to Yan Stastny for Hooking.
4:26 of 2nd period - Devin Setoguchi wins face-off versus Josh Hennessy in Staline zone.
4:30 of 2nd period - Slapshot by T.J. Fast.
4:30 of 2nd period - Stopped by Jacob Markstrom with a rebound.
4:59 of 2nd period - Slapshot by Cody Hodgson.
4:59 of 2nd period - Stopped by Martin Houle with a rebound.
5:15 of 2nd period - Slapshot by Cam Janssen.
5:15 of 2nd period - Shot Misses the Net.
5:21 of 2nd period - Tyler Cuma is hit by Sergei Kostitsyn and loses puck.
6:25 of 2nd period - Penalty to Yan Stastny is over, Yan Stastny is back on ice.
8:02 of 2nd period - Cody Hodgson is hit by Devin Setoguchi and loses puck.
8:59 of 2nd period - Andrei Loktionov is hit by Mark Olver.
9:05 of 2nd period - Andrei Loktionov is hit by Vladimir Mihalik and loses puck.
9:47 of 2nd period - Wrist shot by Cody Hodgson.
9:47 of 2nd period - Stopped by Martin Houle with a rebound.
9:49 of 2nd period - Snap shot by Steven Goertzen.
9:49 of 2nd period - Shot Misses the Net.
10:03 of 2nd period - Snap shot by Brett Sterling.
10:03 of 2nd period - Stopped by Martin Houle with a rebound.
10:05 of 2nd period - Slapshot by Mark Olver.
10:05 of 2nd period - Deflect By Brett Sterling.
10:05 of 2nd period - Goal by Brett Sterling - Senators : 6 - Staline : 2.
10:06 of 2nd period - Yan Stastny wins face-off versus Josh Hennessy in neutral zone.
10:11 of 2nd period - Wrist shot by Devin Setoguchi.
10:11 of 2nd period - Shot Misses the Net.
10:13 of 2nd period - Snap shot by Yan Stastny.
10:13 of 2nd period - Shot Misses the Net.
10:38 of 2nd period - Slapshot by Logan Stephenson.
10:38 of 2nd period - Stopped by Martin Houle with a rebound.
11:06 of 2nd period - Wrist shot by James Sheppard.
11:06 of 2nd period - Stopped by Jacob Markstrom with a rebound.
11:18 of 2nd period - Slapshot by Devin Setoguchi.
11:18 of 2nd period - Goal by Devin Setoguchi - Senators : 6 - Staline : 3.
11:19 of 2nd period - Josh Hennessy wins face-off versus Yan Stastny in neutral zone.
11:53 of 2nd period - Snap shot by Andrei Loktionov.
11:53 of 2nd period - Stopped by Jacob Markstrom with a rebound.
11:55 of 2nd period - Snap shot by Mason Raymond.
11:55 of 2nd period - Shot Blocked by Milan Jurcina.
12:14 of 2nd period - Minor Penalty to Jared Boll for Hooking.
12:15 of 2nd period - Devin Setoguchi wins face-off versus Josh Hennessy in Staline zone.
12:40 of 2nd period - Devin Setoguchi is hit by Steven Goertzen and loses puck.
12:49 of 2nd period - Wrist shot by Cody Hodgson.
12:49 of 2nd period - Goal by Cody Hodgson - Senators : 7 - Staline : 3.
12:50 of 2nd period - Josh Hennessy wins face-off versus Andrei Loktionov in neutral zone.
12:50 of 2nd period - Andrei Loktionov beats up Vladimir Mihalik.
12:50 of 2nd period - Penalty to Andrei Loktionov for Fighting.
12:50 of 2nd period - Penalty to Vladimir Mihalik for Fighting.
12:51 of 2nd period - Josh Hennessy wins face-off versus Yan Stastny in neutral zone.
13:04 of 2nd period - Snap shot by Niklas Hagman.
13:04 of 2nd period - Stopped by Martin Houle with a rebound.
13:06 of 2nd period - Wrist shot by Josh Hennessy.
13:06 of 2nd period - Shot Misses the Net.
13:24 of 2nd period - Wrist shot by Brett Sterling.
13:24 of 2nd period - Goal by Brett Sterling - Senators : 8 - Staline : 3.
13:24 of 2nd period - Tobias Stephan enters game.
13:25 of 2nd period - Jared Boll wins face-off versus Josh Hennessy in neutral zone.
13:36 of 2nd period - Slapshot by Cam Janssen.
13:36 of 2nd period - Stopped by Jacob Markstrom with a rebound.
14:58 of 2nd period - Snap shot by Niklas Hagman.
14:58 of 2nd period - Stopped by Tobias Stephan with a rebound.
15:20 of 2nd period - David Kolomatis is hit by Cody Hodgson and loses puck.
16:13 of 2nd period - Pierre-Luc Létourneau is hit by Logan Stephenson and loses puck.
16:34 of 2nd period - Icing by Logan Stephenson.
16:35 of 2nd period - Cody Hodgson wins face-off versus Nick Spaling in Senators zone.
16:51 of 2nd period - Slapshot by Cam Janssen.
16:51 of 2nd period - Shot Misses the Net.
17:21 of 2nd period - Snap shot by Stu Bickel.
17:21 of 2nd period - Shot Blocked by Brett Sterling.
17:27 of 2nd period - Slapshot by Shane Sims.
17:27 of 2nd period - Shot Blocked by Zac Rinaldo.
17:48 of 2nd period - Erik Haula is hit by Mason Raymond and loses puck.
17:59 of 2nd period - Minor Penalty to Aaron Ness for Slashing.
18:00 of 2nd period - Devin Setoguchi wins face-off versus Josh Hennessy in Staline zone.
18:52 of 2nd period - Nick Spaling is hit by Stanislav Chistov and loses puck.
19:27 of 2nd period - Josh Hennessy is hit by Yan Stastny and loses puck.
19:59 of 2nd period - Penalty to Aaron Ness is over, Aaron Ness is back on ice.
19:59 of 2nd period - Theo Peckham is hit by Milan Jurcina and loses puck.
Goals for this period are 3 for Senators vs 3 for Staline.
Shots for this period are 11 for Senators vs 10 for Staline.
3rd period
0:01 of 3rd period - Josh Hennessy wins face-off versus Yan Stastny in neutral zone.
0:34 of 3rd period - Slapshot by Nick Spaling.
0:34 of 3rd period - Shot Misses the Net.
0:36 of 3rd period - Snap shot by Nick Spaling.
0:36 of 3rd period - Stopped by Jacob Markstrom with a rebound.
0:38 of 3rd period - Wrist shot by Jared Boll.
0:38 of 3rd period - Shot Misses the Net.
1:30 of 3rd period - Slapshot by Tyler Cuma.
1:30 of 3rd period - Goal by Tyler Cuma - Senators : 8 - Staline : 4.
1:31 of 3rd period - Yan Stastny wins face-off versus Josh Hennessy in neutral zone.
1:31 of 3rd period - Yan Stastny is hit by Josh Hennessy.
1:53 of 3rd period - Minor Penalty to Logan Stephenson for Hooking.
1:54 of 3rd period - Josh Hennessy wins face-off versus Yan Stastny in Senators zone.
2:03 of 3rd period - Slapshot by T.J. Fast.
2:03 of 3rd period - Stopped by Jacob Markstrom with a rebound.
2:05 of 3rd period - Slapshot by Stu Bickel.
2:05 of 3rd period - Shot Misses the Net.
2:07 of 3rd period - Snap shot by Pierre-Luc Létourneau.
2:07 of 3rd period - Deflect By Niklas Hagman.
2:07 of 3rd period - Shot Blocked by Milan Jurcina.
2:07 of 3rd period - Puck is out of play.
2:08 of 3rd period - Josh Hennessy wins face-off versus Yan Stastny in Senators zone.
2:10 of 3rd period - Minor Penalty to Vladimir Mihalik for Interference.
2:11 of 3rd period - Yan Stastny wins face-off versus Josh Hennessy in Senators zone.
2:25 of 3rd period - Josh Hennessy is hit by Stu Bickel and loses puck.
2:42 of 3rd period - Snap shot by Mason Raymond.
2:42 of 3rd period - Shot Misses the Net.
2:44 of 3rd period - Snap shot by Cam Janssen.
2:44 of 3rd period - Stopped by Jacob Markstrom without a rebound.
2:45 of 3rd period - Josh Hennessy wins face-off versus Yan Stastny in Senators zone.
3:46 of 3rd period - Slapshot by Erik Karlsson.
3:46 of 3rd period - Shot Misses the Net.
3:53 of 3rd period - Penalty to Logan Stephenson is over, Logan Stephenson is back on ice.
4:10 of 3rd period - Penalty to Vladimir Mihalik is over, Vladimir Mihalik is back on ice.
4:46 of 3rd period - Slapshot by J.T. Wyman.
4:46 of 3rd period - Stopped by Jacob Markstrom with a rebound.
5:07 of 3rd period - Snap shot by Gabriel Bourque.
5:07 of 3rd period - Stopped by Tobias Stephan without a rebound.
5:08 of 3rd period - Zac Rinaldo wins face-off versus Cody Hodgson in Staline zone.
5:08 of 3rd period - Zac Rinaldo is hit by Logan Stephenson.
5:11 of 3rd period - Icing by Tyler Cuma.
5:12 of 3rd period - Zac Rinaldo wins face-off versus Cody Hodgson in Staline zone.
5:25 of 3rd period - Snap shot by Sergei Kostitsyn.
5:25 of 3rd period - Stopped by Tobias Stephan without a rebound.
5:26 of 3rd period - Josh Hennessy wins face-off versus Yan Stastny in Staline zone.
5:27 of 3rd period - Snap shot by Stanislav Chistov.
5:27 of 3rd period - Stopped by Tobias Stephan with a rebound.
5:31 of 3rd period - Slapshot by Josh Hennessy.
5:31 of 3rd period - Shot Misses the Net.
5:33 of 3rd period - Snap shot by Josh Hennessy.
5:33 of 3rd period - Shot Misses the Net.
6:30 of 3rd period - Logan Stephenson is hit by Peter Holland and loses puck.
6:56 of 3rd period - Icing by Tyson Barrie.
6:57 of 3rd period - Yan Stastny wins face-off versus Josh Hennessy in Senators zone.
7:30 of 3rd period - Wrist shot by Mason Raymond.
7:30 of 3rd period - Goal by Mason Raymond - Senators : 8 - Staline : 5.
7:31 of 3rd period - Yan Stastny wins face-off versus Josh Hennessy in neutral zone.
7:42 of 3rd period - Slapshot by Yan Stastny.
7:42 of 3rd period - Stopped by Jacob Markstrom without a rebound.
7:43 of 3rd period - Josh Hennessy wins face-off versus Yan Stastny in Senators zone.
8:08 of 3rd period - Milan Jurcina is hit by Mason Raymond and loses puck.
8:17 of 3rd period - Cam Janssen is hit by Cody Hodgson and loses puck.
8:28 of 3rd period - Snap shot by Jack Skille.
8:28 of 3rd period - Shot Misses the Net.
8:30 of 3rd period - Slapshot by Jack Skille.
8:30 of 3rd period - Stopped by Tobias Stephan with a rebound.
8:32 of 3rd period - Slapshot by Logan Stephenson.
8:32 of 3rd period - Stopped by Tobias Stephan with a rebound.
9:11 of 3rd period - Minor Penalty to Stu Bickel for Hooking.
9:12 of 3rd period - Devin Setoguchi wins face-off versus Josh Hennessy in Staline zone.
10:07 of 3rd period - T.J. Fast is hit by Stanislav Chistov and loses puck.
10:40 of 3rd period - Tyler Cuma is hit by Sergei Kostitsyn and loses puck.
11:11 of 3rd period - Penalty to Stu Bickel is over, Stu Bickel is back on ice.
11:30 of 3rd period - Zack Kassian is hit by Peter Holland and loses puck.
11:54 of 3rd period - Icing by Erik Karlsson.
11:55 of 3rd period - Mark Olver wins face-off versus Zac Rinaldo in Senators zone.
12:04 of 3rd period - Wrist shot by Brett Sterling.
12:04 of 3rd period - Shot Misses the Net.
12:16 of 3rd period - Wrist shot by Jack Skille.
12:16 of 3rd period - Shot Misses the Net.
12:18 of 3rd period - Slapshot by Tyson Barrie.
12:18 of 3rd period - Stopped by Tobias Stephan with a rebound.
12:20 of 3rd period - Snap shot by Shane Sims.
12:20 of 3rd period - Stopped by Tobias Stephan with a rebound.
12:22 of 3rd period - Snap shot by Brett Sterling.
12:22 of 3rd period - Stopped by Tobias Stephan with a rebound.
12:34 of 3rd period - Wrist shot by Jack Skille.
12:34 of 3rd period - Shot Blocked by Tyler Cuma.
12:36 of 3rd period - Slapshot by Vladimir Mihalik.
12:36 of 3rd period - Shot Misses the Net.
12:38 of 3rd period - Slapshot by Jack Skille.
12:38 of 3rd period - Shot Blocked by Theo Peckham.
12:40 of 3rd period - Slapshot by Vladimir Mihalik.
12:40 of 3rd period - Shot Misses the Net.
12:42 of 3rd period - Slapshot by Mark Olver.
12:42 of 3rd period - Stopped by Tobias Stephan with a rebound.
12:56 of 3rd period - Snap shot by Brett Sterling.
12:56 of 3rd period - Shot Misses the Net.
12:58 of 3rd period - Snap shot by Logan Stephenson.
12:58 of 3rd period - Shot Misses the Net.
13:24 of 3rd period - Snap shot by Jack Skille.
13:24 of 3rd period - Stopped by Tobias Stephan with a rebound.
13:34 of 3rd period - Slapshot by Theo Peckham.
13:34 of 3rd period - Stopped by Jacob Markstrom without a rebound.
13:35 of 3rd period - Yan Stastny wins face-off versus Josh Hennessy in Senators zone.
13:40 of 3rd period - Snap shot by Devin Setoguchi.
13:40 of 3rd period - Goal by Devin Setoguchi - Senators : 8 - Staline : 6.
13:41 of 3rd period - Josh Hennessy wins face-off versus Yan Stastny in neutral zone.
14:28 of 3rd period - Slapshot by Stu Bickel.
14:28 of 3rd period - Deflect By Zack Kassian.
14:28 of 3rd period - Stopped by Jacob Markstrom without a rebound.
14:29 of 3rd period - Peter Holland wins face-off versus Erik Haula in Senators zone.
14:46 of 3rd period - Snap shot by Gabriel Bourque.
14:46 of 3rd period - Goal by Gabriel Bourque - Senators : 9 - Staline : 6.
14:47 of 3rd period - Josh Hennessy wins face-off versus Yan Stastny in neutral zone.
14:56 of 3rd period - Snap shot by Stanislav Chistov.
14:56 of 3rd period - Shot Misses the Net.
14:57 of 3rd period - Minor Penalty to T.J. Fast for Holding Stick.
14:58 of 3rd period - Josh Hennessy wins face-off versus Devin Setoguchi in Staline zone.
15:29 of 3rd period - Yan Stastny is hit by Cody Hodgson and loses puck.
16:57 of 3rd period - Penalty to T.J. Fast is over, T.J. Fast is back on ice.
16:57 of 3rd period - David Kolomatis is hit by Zack Kassian and loses puck.
17:04 of 3rd period - Logan Stephenson is hit by Jared Boll.
17:14 of 3rd period - Slapshot by Jared Boll.
17:14 of 3rd period - Shot Misses the Net.
17:36 of 3rd period - Mark Olver is hit by Tyler Cuma.
18:11 of 3rd period - Off-side.
18:12 of 3rd period - Josh Hennessy wins face-off versus Peter Holland in neutral zone.
18:15 of 3rd period - James Sheppard is hit by Niklas Hagman and loses puck.
18:41 of 3rd period - Wrist shot by J.T. Wyman.
18:41 of 3rd period - Stopped by Jacob Markstrom without a rebound.
18:42 of 3rd period - Andrei Loktionov wins face-off versus Josh Hennessy in Senators zone.
18:43 of 3rd period - Slapshot by Mason Raymond.
18:43 of 3rd period - Stopped by Jacob Markstrom without a rebound.
18:44 of 3rd period - Andrei Loktionov wins face-off versus Josh Hennessy in Senators zone.
Goals for this period are 1 for Senators vs 3 for Staline.
Shots for this period are 11 for Senators vs 12 for Staline.
Output by the SimonT Hockey Simulator (STHS) for François Prévost -- Original Page W3C XHTML 1.0 Valid